 Dungeon Crawl Stone Soup version 0.28.0-53-g5a82cb258f (webtiles) character file.

Game seed: 17717471372178109621

37 LynnLen the Sneak (level 3, -5/19 HPs)
             Began as a Vampire Enchanter on July 29, 2022.
             Slain by a kobold
             ... wielding a +0 short sword of electrocution
              (20 damage)
             ... on level 2 of the Dungeon.
             The game lasted 00:05:16 (2392 turns).

LynnLen the Sneak (Vampire Enchanter)               Turns: 2392, Time: 00:05:17

Health: -5/19      AC:  3    Str:  7    XL:     3   Next: 23%
Magic:  14/15      EV: 12    Int: 17    God:
Gold:   105        SH:  0    Dex: 16    Spells: 1/6 levels left

rFire   . . .      SeeInvis +   e - +2 short sword (vamp)
rCold   + + .      Faith    .   (no shield)
rNeg    + + +      Spirit   .   g - +0 leather armour
rPois   ∞          Reflect  .   (no helmet)
rElec   .          Harm     .   (no cloak)
rCorr   .          Rampage  .   (no gloves)
Will    .....                   (no boots)
Stlth   +++++.....              (no amulet)
HPRegen 0.00/turn               d - ring of magical power
MPRegen 0.14/turn               (no ring)

@: bloodless, inhibited regen
A: bloodless, fangs 3, see invisible, vampiric 2
a: Bat Form, Revivify


You were on level 2 of the Dungeon.
You visited 1 branch of the dungeon, and saw 2 of its levels.

You collected 105 gold pieces.

Inventory:

Hand Weapons
 e - a +2 vampiric short sword (weapon)
Armour
 b - a +0 robe
 g - a +0 leather armour (worn)
Jewellery
 d - a ring of magical power (left hand)
Scrolls
 c - a scroll of teleportation {unknown}
 f - a scroll of immolation
 h - a scroll of magic mapping


   Skills:
 * Level 1.9 Short Blades
 * Level 3.0 Dodging
 + Level 5.0 Stealth
 + Level 2.0 Spellcasting
 + Level 4.7 Hexes


You had one spell level left.
You knew the following spells:

 Your Spells              Type           Power      Damage    Failure   Level
a - Confusing Touch       Hex            17%        N/A       13%         3
b - Ensorcelled Hibernat  Hex/Ice        18%        N/A       17%         2

Your spell library contained the following spells:

 Spells                   Type           Power      Damage    Failure   Level
 Tukima's Dance           Hex            17%        N/A       13%         3
 Dazzling Flash           Conj/Hex       18%        N/A       32%         3


Dungeon Overview and Level Annotations

Branches:
Dungeon (2/15)

Altars:
Gozag

Shops:
D:1 :


Innate Abilities, Weirdness & Mutations

You do not regenerate when monsters are visible.
You are frail without blood (-20% HP).
You can heal yourself when you bite living creatures.
You are immune to poison.
You have razor-sharp teeth.
You have supernaturally acute eyesight. (SInv)
You are afflicted with vampirism and can become a bat while bloodless.


Message History

You start resting.
HP restored.
There is a stone staircase leading down here.
You climb downwards.
The kobold hits you with a +2 vampiric short sword.
The kobold throws a stone.
The stone hits you but does no damage.
There is a stone staircase leading up here.
The kobold completely misses you.
You climb upwards.
There is a stone staircase leading down here.
Casting: Confusing Touch (extremely dangerous; 13% risk of failure)
Confirm with . or Enter, or press ? or * to list all spells.
The spell is extremely dangerous to miscast (13% risk of failure)!
Continue anyway?
Your hands begin to glow red.
The kobold hits you but does no damage.
You barely miss the kobold. You bite the kobold, but do no damage.
The kobold misses you.
You hit the kobold but do no damage.
The kobold appears confused.
The kobold hits you but does no damage.
The kobold barely misses itself.
Things that are here:
2 stones; a +0 club You hit the kobold.
You kill the kobold!
Things that are here:
a +2 vampiric short sword; a kobold corpse
e - a +2 vampiric short sword
Things that are here:
2 stones; a +0 club You feel a bloodthirsty glee!
e - a +2 vampiric short sword (weapon)
Okay, then.
There is a stone staircase leading down here.
Things that are here:
2 stones; a +0 club You drop a +1 dagger.
There is a stone staircase leading down here.
You climb downwards.
There is a stone staircase leading up here.
The kobold hits you but does no damage.
You are electrocuted!!
Ouch! That really hurt!
You die...

...###.# #.##........##..#
...##(.# #.######.#####..####
K..###.# #.# #.###.......#
K..###.#####.######.......<...#
..# #........#.....###........#
.# ##.......##÷....# #..#.#...#
K###...KK...K......# #........#
............##.....# #.##.#..##
...........###.K@..# #. #.#..#
........†.## ####### #. .....#
#...##.#### # #.#### ######.#
#.# #.# #.# #.. ###


You could see 2 kobolds.

Vanquished Creatures
  An adder (D:2)
  A worm (D:2)
  An endoplasm (D:2)
  A goblin (D:1)
  2 hobgoblins
  A quokka (D:1)
  4 ball pythons (D:1)
  6 bats (D:1)
  4 frilled lizards
  7 kobolds (D:1)
  A rat (D:1)
29 creatures vanquished.

Vanquished Creatures (others)
  3 demonic plants (D:1)
  3 fungi (D:1)
  3 plants (D:1)
  9 toadstools (D:2)
  A withered plant (D:1)
19 creatures vanquished.

Grand Total: 48 creatures vanquished

Notes
Turn   | Place    | Note
-------+----------+-------------------------------------------
     0 | D:1      | LynnLen the Vampire Enchanter began the quest for the Orb.
     0 | D:1      | Reached XP level 1. HP: 13/13 MP: 3/3
   648 | D:1      | Found Fyqoog's Book Shoppe.
   910 | D:1      | Found a faded altar of an unknown god.
   965 | D:1      | Reached XP level 2. HP: 6/15 MP: 5/5
  1828 | D:2      | Found an opulent altar of Gozag.
  1968 | D:2      | Reached skill level 5 in Stealth
  1968 | D:2      | Gained mutation: You are afflicted with vampirism and can
                  | become a bat while bloodless. [Vampire growth]
  1968 | D:2      | Reached XP level 3. HP: 13/19 MP: 6/6
  2062 | D:2      | Learned a level 3 spell: Confusing Touch
  2065 | D:2      | Learned a level 2 spell: Ensorcelled Hibernation
  2392 | D:2      | Slain by a kobold

Illustrated notes

Levels and vault maps discovered:
D:1:      erik_arrival_orb_chamber, layout_loops_cross, serial_shops, shop,
          shapermc_ecumenical_altar_gd
D:2:      cheibrodos_fertilizer, layout_loops_cross, basic_altar,
          minmay_tromino_v7

Skill      XL: |  1  2  3 |
---------------+----------+-----
Stealth        | 5 |  5.0
Dodging        | 3 |  3.0
Short Blades   | |  1.9
Spellcasting   | |  2.0
Hexes          | |  4.7

Action                   || total
-------------------------++-------
Melee: Dagger            ||   109
       Bite              ||    11
 Cast: Confusing Touch   ||     4
 Abil: Exsanguinate      ||     1
  Use: Scroll            ||     2
       Potion            ||     1
 Stab: Sleeping          ||    10
       Invisible         ||     1
       Confused          ||     1
Armor: Robe              ||    36
       Leather armour    ||    10
Dodge: Dodged            ||    92
